Map: Prion Terraces

Players

Vortix

  • Race: Zerg Zerg

Nerchio - Winner!

  • Race: Zerg Zerg

Event: DreamHack Open Tours WCS Spring Championship

VOD

https://www.youtube.com/watch?v=oImTV2FrATg

Description

Time

  • Played on: May 14, 2016, 7:01 a.m.
  • Length: 14:16

All games in this series

Show
View Real Time Build Order
Export as new Build Order

Vortix Zerg 

Build Orders: Hatch First 

Get SALT Encoding   

  12  0:00  Drone  
  13  0:12  Overlord  
  13  0:17  Drone  
  14  0:30  Drone x2  
  14  0:34  Drone  
  17  0:52  Hatchery  
  17  0:54  Drone  
  17  0:56  Drone  
  18  1:08  Extractor  
  17  1:11  Spawning Pool  
  17  1:15  Drone  
  17  1:18  Drone  
  18  1:27  Drone  
  19  1:38  Overlord  
  19  1:59  Queen  
  19  2:00  Zergling x4  
  23  2:03  Queen  
  23  2:04  Zergling x2  
  26  2:08  Metabolic Boost  
  26  2:11  Drone  
  26  2:14  Drone  
  28  2:21  Drone  
  29  2:26  Drone  
  30  2:39  Hatchery  
  30  2:43  Baneling Nest, Drone  
  29  2:46  Zergling x2  
  29  2:48  Zergling x2  
  31  2:55  Drone x2  
  31  2:58  Drone  
  34  3:05  Drone  
  33  3:07  Queen  
  33  3:09  Zergling x2  
  35  3:13  Overlord  
  35  3:19  Extractor  
  34  3:20  Zergling x2  
  34  3:26  Baneling x2  
  34  3:27  Baneling x2  
  36  3:29  Overlord  
  36  3:32  Zergling x8  
  40  3:36  Zergling x2  
  40  3:39  Zergling x2  
  42  3:43  Overlord  
  42  3:44  Drone  
  43  3:50  Overlord  
  43  3:57  Drone  
  43  3:58  Drone x5  
  49  4:06  Drone x2  
  51  4:11  Roach Warren  
  51  4:13  Extractor  
  51  4:14  Zergling x4  
  51  4:21  Drone x3  
  53  4:28  Overlord  
  53  4:38  Drone x2  
  50  4:44  Overlord x2  
  53  4:53  Roach x7  
  53  4:57  Roach x2  
  53  4:59  Roach  
  70  5:01  Roach  
  70  5:04  Baneling x4  
  72  5:12  Roach x2  
  75  5:20  Roach  
  75  5:21  Roach  
  79  5:23  Zergling x2  
  79  5:24  Zergling x10  
  85  5:31  Zergling x2  
  85  5:34  Zergling x6  
  87  5:45  Roach, Zergling x2  
  87  5:47  Overlord x2  
  87  6:00  Zergling x2  
  87  6:01  Zergling x14  
  87  6:02  Zergling x2  
  87  6:03  Zergling x4  
  89  6:09  Zergling x6  
  77  6:21  Roach x2  
  77  6:22  Roach  
  78  6:31  Roach x2  
  78  6:32  Roach  
  76  6:34  Queen  
  76  6:36  Queen  
  76  6:38  Roach x3  
  76  6:39  Roach x4  
  94  6:42  Roach x3  
  94  6:43  Overlord  
  100  6:47  Roach  
  100  6:53  Overlord  
  102  6:59  Zergling x4  
  104  7:01  Zergling x2  
  104  7:03  Baneling  
  104  7:04  Baneling x2  
  104  7:05  Baneling  
  104  7:06  Zergling x8  
  104  7:07  Zergling x6  
  112  7:12  Baneling x2  
  112  7:14  Zergling x8  
  116  7:18  Zergling x4  
  118  7:24  Zergling x2  
  118  7:25  Zergling x2  
  113  7:43  Roach x3, Zergling x10  
  113  7:44  Zergling x6  
  109  7:49  Roach x2, Zergling x2  
  99  7:57  Roach  
  97  8:01  Roach x2  
  101  8:09  Roach x4  
  107  8:15  Roach  
  108  8:20  Roach  
  108  8:26  Roach x2, Zergling x10  
  108  8:27  Zergling x2  
  113  8:36  Roach  
  113  8:37  Zergling x12, Roach  
  120  8:41  Zergling x2  
  120  8:46  Zergling x2  
  120  8:47  Overlord  
  119  8:53  Baneling x2  
  119  8:55  Zergling x2  
  120  8:59  Extractor  
  120  9:00  Zergling x8  
  119  9:03  Roach  
  119  9:05  Overlord x2  
  121  9:13  Zergling x8, Roach  
  122  9:20  Roach x2  
  111  9:25  Roach, Zergling x2  
  111  9:26  Zergling x2  
  111  9:30  Zergling x6, Roach x2  
  111  9:31  Roach  
  111  9:35  Roach, Zergling x2  
  99  9:42  Roach x2, Zergling x2  
  102  9:46  Roach, Zergling x2  
  102  9:49  Zergling x2  
  104  9:55  Roach  
  106  10:04  Roach x2, Zergling x6  
  113  10:10  Zergling x6  
  117  10:14  Ravager x2  
  117  10:16  Ravager  
  117  10:18  Zergling x4  
  117  10:20  Zergling x2  
  122  10:21  Zergling x2  
  122  10:23  Zergling x2  
  122  10:27  Zergling x4  
  126  10:31  Zergling x4  
  125  10:41  Roach  
  125  10:42  Zergling x2, Roach  
  114  10:46  Zergling x6  
  103  10:50  Roach  
  103  10:52  Zergling x4  
  103  10:55  Zergling x2  
  100  10:59  Zergling x2  
  100  11:00  Zergling x2  
  100  11:03  Roach, Zergling x2  
  90  11:05  Zergling x2  
  85  11:12  Roach x2  
  85  11:15  Zergling x4  
  83  11:21  Zergling x6  
  83  11:26  Roach  
  83  11:29  Zergling x4  
  79  11:38  Roach x2  
  72  11:42  Roach  
  72  11:43  Roach  
  71  11:53  Roach, Zergling x2  
  71  11:54  Roach  
  76  11:59  Roach, Zergling x4  
  80  12:06  Roach x2  
  84  12:11  Ravager x4  
  84  12:12  Ravager  
  84  12:15  Roach x2  
  93  12:20  Roach  
  95  12:24  Roach x2  
  95  12:28  Roach  
  95  12:29  Roach  
  103  12:34  Roach x2  
  105  12:40  Ravager  
  105  12:41  Ravager  
  105  12:42  Roach, Zergling x2  
  105  12:43  Zergling x2  
  108  12:51  Roach x2, Zergling x2  
  113  12:57  Zergling x4  
  113  12:58  Zergling x4  
  117  13:08  Roach, Zergling x6  
  122  13:13  Zergling x4  
  122  13:18  Zergling x6  
  127  13:24  Zergling x6  
  124  13:32  Zergling x4  
  124  13:33  Zergling x2  
  112  13:36  Zergling x2  
  96  13:41  Zergling x2  
  96  13:42  Zergling x2  
  76  13:55  Roach x2, Zergling x2  
Show
View Real Time Build Order
Export as new Build Order

Nerchio Zerg - Winner!

Build Orders: Hatch First 

Get SALT Encoding   

  12  0:01  Drone  
  13  0:12  Overlord  
  13  0:17  Drone  
  14  0:30  Drone x2  
  14  0:34  Drone  
  17  0:51  Hatchery  
  17  0:55  Drone  
  17  1:08  Spawning Pool  
  17  1:11  Drone  
  17  1:15  Extractor  
  17  1:16  Drone  
  17  1:20  Drone  
  18  1:27  Drone  
  19  1:38  Overlord  
  19  1:57  Queen, Zergling x2  
  22  2:02  Queen  
  22  2:07  Drone  
  22  2:08  Drone  
  26  2:17  Metabolic Boost  
  26  2:25  Zergling x4  
  28  2:33  Drone  
  29  2:38  Hatchery  
  29  2:43  Baneling Nest  
  27  2:45  Drone  
  27  2:48  Drone  
  29  2:52  Zergling x2  
  29  2:55  Zergling x2  
  29  2:58  Zergling x2  
  32  3:03  Drone x2  
  32  3:06  Drone  
  32  3:10  Queen  
  35  3:14  Overlord  
  35  3:21  Extractor  
  35  3:22  Queen  
  37  3:29  Overlord  
  37  3:33  Drone x3  
  40  3:37  Drone x2  
  41  3:43  Roach Warren  
  41  3:44  Baneling  
  41  3:45  Baneling  
  41  3:47  Baneling  
  41  3:48  Zergling x2  
  41  3:49  Zergling x2  
  41  3:51  Zergling x2  
  41  3:53  Zergling x2  
  44  3:56  Baneling x2  
  44  3:58  Zergling x2  
  44  4:01  Zergling x2  
  45  4:06  Drone x3  
  45  4:07  Extractor  
  47  4:14  Zergling x2  
  48  4:18  Zergling x4  
  48  4:21  Overlord  
  48  4:23  Baneling x2  
  49  4:24  Drone  
  49  4:25  Drone x3  
  49  4:26  Drone  
  49  4:28  Drone  
  55  4:33  Drone x2  
  55  4:36  Drone  
  57  4:39  Overlord  
  57  4:45  Drone x3  
  60  4:47  Drone  
  61  4:54  Roach x2  
  61  4:59  Roach x2  
  70  5:00  Roach x2  
  70  5:04  Lair  
  70  5:05  Extractor  
  70  5:06  Overlord  
  71  5:09  Overlord  
  71  5:13  Roach  
  72  5:18  Overlord x2  
  72  5:19  Extractor  
  71  5:22  Drone x3  
  71  5:23  Evolution Chamber  
  71  5:24  Roach  
  71  5:25  Roach  
  71  5:27  Roach  
  79  5:29  Roach  
  79  5:30  Roach  
  79  5:32  Roach  
  85  5:37  Roach x2  
  88  5:43  Zergling x6  
  88  5:47  Roach  
  88  5:48  Roach  
  95  5:51  Zergling x2  
  95  5:52  Zergling x2, Roach  
  95  5:53  Roach, Zergling x2  
  95  5:54  Zergling x4  
  101  5:58  Zergling x4  
  101  5:59  Zergling x2  
  101  6:00  Roach  
  101  6:03  Roach  
  96  6:06  Zergling x2  
  96  6:08  Queen  
  96  6:09  Queen  
  96  6:10  Roach  
  88  6:15  Roach  
  88  6:17  Roach  
  86  6:22  Zergling x12  
  86  6:28  Drone x4  
  86  6:29  Drone  
  86  6:31  Baneling x2  
  86  6:32  Roach  
  92  6:36  Roach  
  94  6:43  Drone x2  
  94  6:47  Overlord, Extractor  
  97  6:50  Glial Reconstitution  
  97  6:51  Overlord  
  97  6:56  Overseer  
  97  6:59  Drone x3  
  97  7:00  Overlord x2  
  100  7:04  Roach  
  100  7:05  Extractor  
  100  7:06  Roach x2  
  105  7:10  Roach  
  105  7:12  Roach  
  105  7:14  Roach  
  111  7:16  Zergling x4  
  111  7:18  Roach  
  111  7:19  Baneling  
  111  7:20  Zergling x4  
  111  7:22  Roach  
  118  7:23  Queen  
  118  7:25  Roach  
  118  7:26  Zergling x2  
  123  7:31  Baneling x3  
  123  7:33  Roach  
  117  7:37  Roach x2  
  117  7:38  Zergling x4  
  117  7:41  Roach  
  117  7:43  Roach  
  113  7:47  Roach x2, Zergling x2  
  113  7:48  Zergling x2  
  113  7:51  Roach  
  118  7:54  Queen  
  118  7:55  Queen  
  118  7:56  Roach  
  122  7:58  Overlord  
  122  8:00  Overlord  
  122  8:03  Overlord  
  122  8:09  Zerg Missile Weapons Level 1  
  121  8:13  Overlord  
  121  8:14  Overlord  
  121  8:15  Overlord  
  121  8:16  Overlord, Queen  
  121  8:17  Roach  
  121  8:18  Roach  
  125  8:21  Ravager x2  
  125  8:22  Roach  
  125  8:25  Roach  
  128  8:30  Drone x4  
  125  8:35  Roach x3  
  125  8:38  Roach  
  129  8:44  Drone x2  
  129  8:45  Roach  
  131  8:48  Roach  
  131  8:51  Roach  
  133  8:58  Roach  
  133  8:59  Roach  
  137  9:04  Roach, Extractor  
  137  9:08  Roach  
  137  9:09  Roach  
  142  9:10  Ravager  
  142  9:12  Roach  
  142  9:16  Roach x2  
  145  9:19  Roach  
  145  9:22  Roach  
  120  9:25  Roach  
  120  9:28  Roach  
  120  9:30  Roach  
  106  9:32  Roach  
  106  9:35  Roach  
  106  9:37  Roach  
  90  9:40  Roach  
  90  9:43  Drone  
  90  9:44  Drone  
  77  9:47  Drone  
  77  9:51  Ravager, Drone  
  78  9:56  Drone  
  78  9:57  Drone  
  78  9:59  Drone  
  81  10:01  Drone  
  81  10:03  Drone  
  83  10:08  Roach  
  83  10:10  Roach  
  87  10:16  Roach x2  
  91  10:23  Roach x3  
  91  10:28  Roach  
  99  10:29  Roach  
  99  10:33  Roach  
  103  10:39  Roach  
  103  10:42  Roach  
  103  10:47  Roach  
  87  10:51  Roach  
  87  10:55  Roach  
  77  11:01  Roach  
  63  11:05  Roach  
  63  11:06  Zergling x2  
  63  11:07  Zergling x18  
  63  11:11  Roach  
  72  11:16  Roach  
  68  11:19  Roach  
  68  11:23  Drone  
  66  11:27  Roach  
  66  11:29  Roach  
  63  11:34  Drone x2  
  63  11:37  Roach  
  66  11:40  Roach  
  66  11:42  Roach  
  66  11:47  Roach  
  70  11:52  Roach  
  72  11:55  Roach  
  72  11:59  Drone x2  
  72  12:00  Drone  
  72  12:01  Roach  
  79  12:04  Roach  
  79  12:08  Roach  
  83  12:13  Roach  
  85  12:16  Roach  
  85  12:17  Roach  
  85  12:18  Drone  
  85  12:21  Roach  
  92  12:43  Drone x2  
  94  12:51  Queen  
  98  12:59  Roach, Hatchery  
  98  13:01  Roach  
  98  13:04  Ravager  
  98  13:05  Ravager x3  
  105  13:07  Roach x2  
  105  13:09  Roach  
  105  13:11  Roach  
  112  13:13  Roach  
  112  13:17  Roach  
  112  13:19  Zergling x12  
  122  13:22  Roach  
  122  13:25  Roach  
  121  13:29  Roach  
  121  13:31  Roach  
  114  13:35  Roach  
  114  13:37  Roach  
  114  13:41  Roach  
  101  13:44  Roach  
  101  13:48  Roach  
  95  13:51  Roach  
  95  13:54  Roach  

Tags
 
Add a new tag
Caveats
  • Supply blocks, unpowered buildings, or Contaminate may cause inaccurate times.
  • Supply counts are checked every 10 seconds.